Map: Acropolis LE

Players

ahmad - Winner!

  • Race: Zerg Zerg
  • League: Silver
  • Spawn Location: 11:00

Smeeeger

  • Race: Terran Terran
  • League: Platinum
  • Spawn Location: 5:00

VOD

Have the link to the VOD?

Description

Time

  • Played on: July 24, 2019, 5:58 p.m.
  • Length: 9:39
Show
View Real Time Build Order
Export as new Build Order

ahmad Zerg - Winner!

Build Orders: Pool First 

Get SALT Encoding   

  12  0:04  Drone  
  13  0:11  Drone  
  14  0:28  Spawning Pool  
  13  0:30  Drone  
  14  0:44  Overlord  
  14  0:48  Extractor  
  14  0:49  Drone  
  14  1:03  Drone x2  
  16  1:07  Drone  
  17  1:15  Queen  
  19  1:26  Drone  
  20  1:39  Drone x2  
  22  1:52  Metabolic Boost  
  22  1:53  Hatchery  
  21  1:59  Overlord  
  21  2:15  Drone  
  22  2:19  Zergling x2  
  23  2:26  Zergling x6  
  23  2:27  Zergling x2  
  27  2:36  Queen  
  29  2:38  Zergling x2  
  30  2:47  Overlord  
  30  3:09  Drone  
  30  3:12  Drone x4  
  35  3:15  Lair  
  35  3:21  Roach Warren  
  33  3:52  Drone x3, Extractor  
  33  3:55  Drone x3  
  38  4:15  Glial Reconstitution  
  38  4:23  Roach x2  
  42  4:25  Overlord  
  42  4:26  Overlord x2  
  42  4:35  Drone  
  43  4:41  Extractor  
  43  4:42  Extractor  
  43  4:44  Drone x3  
  43  4:45  Drone  
  45  5:04  Evolution Chamber  
  44  5:07  Drone x5, Evolution Chamber  
  48  5:34  Hydralisk Den  
  48  5:35  Zerg Missile Weapons Level 1  
  47  5:37  Zerg Ground Armor Level 1  
  47  5:39  Roach x5  
  47  5:40  Roach x3  
  63  5:54  Tunneling Claws  
  63  5:57  Drone  
  63  5:58  Drone  
  65  6:10  Drone x2  
  67  6:20  Hatchery  
  66  6:26  Overseer  
  66  6:33  Nydus Network  
  66  6:34  Zergling x4  
  66  6:37  Overlord x2  
  67  6:56  Hydralisk x3  
  67  6:57  Hydralisk x3  
  79  7:22  Roach x2  
  83  7:24  Overlord x3  
  83  7:32  Drone  
  83  7:34  Queen  
  86  7:44  Zergling x8  
  86  7:57  Roach x6  
  86  7:58  Roach x4  
  106  8:11  Drone  
  107  8:51  Nydus Canal  
  107  8:54  Hydralisk x3  
  113  8:57  Overlord x2  
  113  8:58  Overlord x2  
Show
View Real Time Build Order
Export as new Build Order

Smeeeger Terran 

Build Orders:  

Get SALT Encoding   

  12  0:04  SCV  
  13  0:16  SCV  
  14  0:22  Supply Depot  
  14  0:28  SCV  
  15  0:44  SCV  
  15  0:48  Barracks  
  16  0:56  SCV  
  17  1:08  SCV  
  18  1:20  SCV  
  19  1:37  Supply Depot  
  19  1:42  Marine  
  19  1:46  Orbital Command  
  20  1:52  Command Center  
  20  1:59  Barracks  
  20  2:02  Marine  
  21  2:11  Refinery  
  21  2:12  SCV  
  22  2:22  Marine  
  22  2:24  SCV  
  24  2:30  Refinery  
  24  2:33  Supply Depot  
  24  2:36  SCV  
  25  2:40  Marine  
  26  2:48  SCV  
  27  2:54  Barracks Tech Lab  
  27  3:02  Marine  
  27  3:04  Orbital Command  
  28  3:20  Marine  
  28  3:22  Marine  
  30  3:37  Marine  
  30  3:40  Marine  
  31  3:41  Supply Depot  
  31  3:44  Stimpack  
  31  3:47  Orbital Command  
  31  3:55  Marine  
  31  3:58  Marine  
  33  4:09  Bunker, SCV  
  34  4:13  Marine  
  34  4:15  SCV  
  34  4:16  Marine  
  37  4:21  SCV  
  37  4:23  Engineering Bay  
  38  4:27  SCV  
  38  4:30  Engineering Bay  
  38  4:31  Marine  
  39  4:33  SCV  
  39  4:34  Marine  
  42  4:39  SCV  
  42  4:45  Factory  
  43  4:49  Marine  
  43  4:51  Marine  
  45  4:57  Terran Infantry Armor Level 1, Terran Infantry Weapons Level 1  
  45  5:00  SCV  
  45  5:01  SCV  
  47  5:09  Marine  
  47  5:12  SCV  
  47  5:13  SCV  
  50  5:17  Barracks Reactor  
  50  5:20  Supply Depot x2  
  50  5:24  SCV  
  50  5:25  SCV  
  50  5:27  Marine  
  53  5:29  Factory Tech Lab  
  53  5:31  Starport  
  53  5:37  SCV x2  
  53  5:41  Supply Depot  
  55  5:45  Combat Shield, Marine  
  55  5:49  Refinery  
  56  6:01  SCV x2  
  56  6:03  Marine  
  59  6:08  Siege Tank  
  61  6:13  SCV  
  62  6:20  Marine  
  62  6:23  SCV  
  62  6:24  Marine x2  
  67  6:25  SCV  
  67  6:30  Liberator  
  67  6:35  SCV  
  67  6:36  Supply Depot  
  67  6:37  SCV  
  67  6:38  Marine  
  70  6:41  Siege Tank  
  70  6:42  Marine x2  
  70  6:43  Bunker  
  75  6:47  SCV  
  79  7:01  Barracks  
  79  7:03  Barracks  
  79  7:04  Barracks  
  79  7:05  SCV x2  
  79  7:06  Supply Depot x2  
  79  7:08  Marine x3  
  84  7:12  Missile Turret  
  84  7:13  Missile Turret  
  84  7:17  SCV  
  84  7:22  Armory  
  85  7:29  Siege Tank  
  88  7:57  Command Center  
  90  8:07  Starport Reactor  
  90  8:12  Marine x2  
  89  8:13  Marine x2  
  89  8:16  Barracks Tech Lab  
  89  8:17  Barracks Reactor  
  92  8:30  Marine x2  
  94  8:37  Concussive Shells  
  94  8:38  Marauder  
  96  8:42  Marine  
  96  8:44  Barracks Reactor  
  96  8:48  Marine x2  
  98  8:50  Medivac  
  98  8:51  Medivac  
  98  8:54  Marine  
  98  8:55  Marine  
  105  8:59  Marine  
  105  9:00  Marine  
  107  9:06  Marine x2  
  109  9:12  Marine  
  104  9:17  Marine  
  104  9:18  Marine  
  104  9:21  Marine x3  
Tags
 
Matchup
TvZ
Opening
Pool First
Replay Pack
SC2 replays
Spawn Locations
Cross Positions
Add a new tag
Caveats
  • Supply blocks, unpowered buildings, or Contaminate may cause inaccurate times.
  • Supply counts are checked every 10 seconds.